 Dungeon Crawl Stone Soup version 0.24-a0-416-g56ce5178b7 (webtiles) character file.

Game seed: 4756669570498197011

6206 Amnesiac the Grappler (level 10, -3/74 HPs)
             Began as a Mummy Monk on June 8, 2019.
             Was an Initiate of Gozag.
             Slain by Erica
             ... wielding a +3 scimitar of flaming
              (6 damage)
             ... on level 8 of the Dungeon.
             The game lasted 00:28:42 (10471 turns).

Amnesiac the Grappler (Mummy Monk)                 Turns: 10471, Time: 00:28:43

Health: -3/74      AC: 11    Str: 18    XL:     10   Next: 61%
Magic:  13/13      EV: 13    Int: 10    God:    Gozag
Gold:   275        SH:  5    Dex: 17    Spells: 7/9 levels left

rFire    . . .     SeeInvis .     - Unarmed
rCold    + . .     Gourm    .   d - +0 buckler
rNeg     + + +     Faith    .   i - +3 scale mail of the Harp {Dex+3}
rPois    ∞         Spirit   .   (no helmet)
rElec    .         Reflect  .   u - +0 cloak
rCorr    +         Harm     .   (no gloves)
MR       +....                  (no boots)
Stlth    +.........             (no amulet)
HPRegen  0.22/turn              j - ring of protection from fire
MPRegen  0.13/turn              t - ring of resist corrosion

@: studying Throwing
A: no food or potions, fire vulnerability, cold resistance 1, negative energy
resistance 3, torment resistance, unbreathing
a: Potion Petition, Call Merchant, Bribe Branch, Renounce Religion


You were on level 8 of the Dungeon.
You worshipped Gozag.
Gozag was aware of your devotion.
You were not hungry.

You visited 2 branches of the dungeon, and saw 9 of its levels.
You also visited: Ossuary.

You collected 1783 gold pieces.
You spent 966 gold pieces at shops.
You paid 542 gold pieces to Gozag.

Inventory:

Missiles
 f - a curare-tipped dart (quivered)
 g - 37 poisoned darts
Armour
 a - the +2 buckler "Malurcho" {rF- Regen+ Str-4 Dex+8}
   (You bought it in a shop on level 7 of the Dungeon)

   It affects your strength (-4).
   It affects your dexterity (+8).
   It makes you vulnerable to fire.
   It increases your rate of regeneration.
 d - a +0 buckler (worn)
 i - the +3 scale mail of the Harp (worn) {Dex+3}
   (You bought it in a shop on level 7 of the Dungeon)

   It affects your dexterity (+3).
 l - a +0 plate armour
 u - a +0 cloak (worn)
Jewellery
 j - a ring of protection from fire (left hand)
 t - a ring of resist corrosion (right hand)
Wands
 e - a wand of digging (6)
 w - a wand of flame (8)
Scrolls
 b - 4 scrolls of enchant armour {!r}
 c - 8 scrolls of teleportation {!r}
 h - 2 scrolls of amnesia {!r}
 k - 2 scrolls of enchant weapon {!r}
 m - 2 scrolls of identify {!r}
 n - a scroll of remove curse {!r}
 q - a scroll of torment {!r}
 r - a scroll of vulnerability {!r}
 s - 2 scrolls of fear {!r}
 v - a scroll of magic mapping {!r}
 x - a scroll of fog {!r}
Books
 o - a manual of Throwing


   Skills:
 - Level 5.0 Fighting
 + Level 4.4 Armour
 - Level 5.1 Dodging
 - Level 1.5 Stealth
 - Level 4.0 Shields
 - Level 10.0 Unarmed Combat
 - Level 4.0 Evocations


You had 7 spell levels left.
You knew the following spells:

 Your Spells              Type           Power        Failure   Level  Hunger
z - Swiftness             Chrm/Air       #.......     86%         2    N/A

Your spell library contained the following spells:

 Spells                   Type           Power        Failure   Level  Hunger
 Corona                   Hex            #......      75%         1    N/A
 Shock                    Conj/Air       #...         75%         1    N/A
 Slow                     Hex            #.......     86%         2    N/A
 Inner Flame              Hex/Fire       #.......     98%         3    N/A
 Portal Projectile        Hex/Tloc       #.....       98%         3    N/A
 Static Discharge         Conj/Air       #.......     98%         3    N/A
 Airstrike                Air            #.........   100%        4    N/A
 Cause Fear               Hex            #.........   100%        4    N/A
 Leda's Liquefaction      Hex/Erth       #.........   100%        4    N/A
 Lightning Bolt           Conj/Air       #.........   100%        5    N/A

Dungeon Overview and Level Annotations

Branches:
Dungeon (8/15)             Temple (1/1) D:7            Lair (0/6) D:8

Altars:
Ashenzari
Cheibriados
Dithmenos
Elyvilon
Fedhas
Gozag
Hepliaklqana
Kikubaaqudgha
Makhleb
Nemelex Xobeh
Qazlal
Ru
Sif Muna
Trog
Uskayaw
Vehumet
Wu Jian
Xom
Yredelemnul
Zin
Lugonu

Shops:
D:7 [

Annotations:
D:8 Erica


Innate Abilities, Weirdness & Mutations

You do not eat or drink.
Your flesh is vulnerable to fire.
You are immune to poison.
Your flesh is cold resistant. (rC+)
You are immune to negative energy. (rN+++)
You are immune to unholy pain and torment.
You can survive without breathing.


Message History

Erica burns you.
You punch Erica!
Erica is severely wounded.
You barely miss Erica.
Erica is severely wounded.
You block Erica's attack.
You hit Erica.
Erica is severely wounded.
Erica mumbles some strange words.
Erica flickers and vanishes!
Deactivating autopickup; reactivate with Ctrl-A.
You hit something but do no damage. You miss something. Something hits you.
Something burns you.
You miss something. Something hits you but does no damage.
You closely miss something. Something hits you. Something burns you.
You miss something. You hit something but do no damage. Something hits you.
Something burns you.
You hit something. Something hits you. Something burns you.
You miss something. You completely miss something.
You hear some strange, mumbled words.
You are confused.
You hit something.
You hear some strange, mumbled words.
An orb of energy appears from out of thin air!
The orb of energy hits you!!
* * * LOW HITPOINT WARNING * * *
The orb of energy explodes!
Something hits you.
* * * LOW HITPOINT WARNING * * *
Something burns you.
* * * LOW HITPOINT WARNING * * *
You can't drink.
You're too confused!
Unknown command.
You bump into the rock wall.
You hear some strange, mumbled words.
An orb of energy appears from out of thin air!
The orb of energy hits you!
* * * LOW HITPOINT WARNING * * *
The orb of energy explodes!
You can't drink.
Unknown command.
You bump into the rock wall.
Something hits you.
* * * LOW HITPOINT WARNING * * *
Something burns you.
* * * LOW HITPOINT WARNING * * *
You barely miss something.
Unknown command.
Unknown command.
Wield which item (- for none, * to show all)? (? for menu, Esc to quit)
Okay, then.
Evoke which item? (* to show all) (? for menu, Esc to quit)
Okay, then.
Throwing (i - inventory. (/) - cycle)
f - a curare-tipped dart (quivered)
Press: ? - help, Shift-Dir - straight line You throw a curare-tipped dart.
You feel less confused. You block something's attack.
Unknown command.
f - a curare-tipped dart Something hits you.
You die...
Your body crumbles into a pile of gold.

.#
#.#.........#####..).....
.#
#.##..(#...#####%........
.#
#.##########)))..........
.# #.......#
#)#.......>... .#
###..[#### #.##..........
.#
#......###=###.........
##
#.#[.(<(.[...##........
..
......##.###.#.####.....#
.## ###.####@# #.#.#
##..### .# #.####.# #.# #
.## .# #...!..# #.# ..
######## ... . ... ##


There were no monsters in sight!

Vanquished Creatures
  An ugly thing (D:8)
  A black mamba (D:7)
  A hornet (D:5)
  A troll (D:4)
  A slime creature (D:8)
  Grinder (D:3)
  A blink frog (D:8)
  The ghost of Lanoc the Firebug, an amateur DsFE (D:4)
  2 wargs
  A water moccasin (D:8)
  2 sky beasts
  An orc warrior (D:7)
  2 ice beasts
  5 phantoms
  6 ogres
  3 centaurs
  4 bullfrogs
  A big kobold (D:8)
  Dowan (D:7)
  A killer bee (D:5)
  7 scorpions
  4 wights (D:8)
  5 howler monkeys
  2 crimson imps
  A bullfrog zombie (D:6)
  2 human zombies (Ossuary)
  7 orc priests
  A hound (D:4)
  A jelly (D:6)
  10 orc wizards
  Jessica (D:2)
  A bullfrog skeleton (D:6)
  3 iguanas (D:7)
  A statue (D:4)
  5 worker ants
  2 big kobold zombies (Ossuary)
  3 mummies (Ossuary)
  A howler monkey zombie (D:7)
  A worker ant zombie (D:5)
  2 adders
  6 scorpion zombies (Ossuary)
  2 shadow imps
  An adder zombie (D:2)
  An adder skeleton (D:7)
  2 worms
  3 dart slugs
  6 leopard geckos
  21 orcs
  5 bats
  2 bat skeletons (D:2)
  2 bat zombies (D:2)
  A giant cockroach (D:4)
  3 gnoll zombies (Ossuary)
  5 goblins
  5 hobgoblins
  11 jackals
  5 quokkas
  3 ball pythons
  A ball python zombie (D:2)
  10 frilled lizards
  A giant cockroach zombie (D:6)
  2 goblin zombies (Ossuary)
  2 hobgoblin zombies (Ossuary)
  6 kobolds
  2 kobold zombies (Ossuary)
  2 leopard gecko zombies
  An orc zombie (Ossuary)
  2 quokka skeletons (D:2)
  6 rats
216 creatures vanquished.

Vanquished Creatures (others)
  A kobold zombie (Ossuary)
1 creature vanquished.

Grand Total: 217 creatures vanquished

Notes
Turn   | Place    | Note
-------+----------+-------------------------------------------
     0 | D:1      | Amnesiac the Mummy Monk began the quest for the Orb.
     0 | D:1      | Reached XP level 1. HP: 18/18 MP: 1/1
   480 | D:2      | Found a sparkling altar of Nemelex Xobeh.
   498 | D:2      | Found an ornate altar of the Wu Jian Council.
   511 | D:2      | Reached XP level 2. HP: 21/24 MP: 2/2
   515 | D:2      | Noticed Jessica
   549 | D:3      | Found a sacrificial altar of Ru.
  1008 | D:3      | Noticed an ogre
  1060 | D:3      | Reached skill level 3 in Unarmed Combat
  1110 | D:3      | Noticed Grinder
  1370 | D:2      | Killed Jessica
  1370 | D:2      | Reached XP level 3. HP: 29/29 MP: 3/3
  1549 | D:3      | Killed Grinder
  1549 | D:3      | Reached skill level 4 in Unarmed Combat
  1549 | D:3      | Reached XP level 4. HP: 36/38 MP: 4/4
  1549 | D:3      | Reached XP level 5. HP: 41/43 MP: 5/5
  1587 | D:4      | Noticed an ogre
  1592 | D:4      | Killed an ogre
  1592 | D:4      | Reached skill level 5 in Unarmed Combat
  1592 | D:4      | Reached XP level 6. HP: 49/49 MP: 6/6
  1649 | D:4      | Found a sparkling altar of Nemelex Xobeh.
  1681 | D:4      | Found a radiant altar of Vehumet.
  1834 | D:4      | Found a runed translucent gate.
  1834 | D:4      | Found a runed translucent gate.
  1834 | D:4      | Found a runed translucent gate.
  1834 | D:4      | Found an opulent altar of Gozag.
  1835 | D:4      | Noticed Lanoc's ghost (amateur DsFE)
  1835 | D:4      | Noticed a troll
  1978 | D:4      | Found a shattered altar of Ashenzari.
  2093 | D:4      | Became a worshipper of Gozag Ym Sagoz the Greedy
  2191 | D:2      | Reached skill level 5 in Fighting
  3496 | D:4      | Reached skill level 6 in Unarmed Combat
  3496 | D:4      | Reached XP level 7. HP: 37/56 MP: 7/7
  3795 | D:5      | Identified a paperback manual
  3795 | D:5      | Entered Level 5 of the Dungeon
  4120 | D:5      | Noticed a hornet
  4130 | D:5      | Killed a hornet
  4130 | D:5      | Reached skill level 7 in Unarmed Combat
  4394 | D:5      | Reached XP level 8. HP: 57/62 MP: 8/8
  4537 | D:5      | Reached skill level 8 in Unarmed Combat
  4830 | D:5      | Found a stormy altar of Qazlal.
  5062 | D:6      | Reached skill level 1 in Evocations
  5405 | D:6      | Found a sand-covered staircase.
  5409 | Ossuary  | Entered an ossuary
  5659 | Ossuary  | Reached skill level 9 in Unarmed Combat
  6035 | Ossuary  | Reached XP level 9. HP: 58/68 MP: 10/10
  6169 | D:6      | Learned a level 2 spell: Swiftness
  6606 | D:5      | HP: 3/68 [orc priest/+0 hand axe (4)]
  7139 | D:6      | Found an ornate altar of the Wu Jian Council.
  7260 | D:6      | Found a burning altar of Makhleb.
  7530 | D:7      | Reached skill level 10 in Unarmed Combat
  7677 | D:7      | Reached skill level 1 in Shields
  7739 | D:7      | Noticed a rime drake
  7739 | D:7      | a yak changed into a rime drake
  7740 | D:7      | Noticed a black mamba
  7740 | D:7      | a rime drake changed into a black mamba
  7744 | D:7      | Killed a black mamba
  7875 | D:7      | Noticed Duvessa
  7897 | D:7      | Noticed Duvessa
  7897 | D:7      | Duvessa changed into Duvessa the sky beast
  7911 | D:7      | Killed Duvessa the sky beast
  7928 | D:7      | Noticed Dowan
  7932 | D:7      | Killed Dowan
  7979 | D:7      | Found a staircase to the Ecumenical Temple.
  8295 | D:7      | Found a hazy altar of Hepliaklqana.
  8295 | D:7      | Found a shimmering altar of Xom.
  8296 | D:7      | Found a white marble altar of Elyvilon.
  8472 | D:8      | Noticed a cyan ugly thing
  8476 | D:8      | Killed a cyan ugly thing
  8476 | D:8      | Reached XP level 10. HP: 52/74 MP: 13/13
  8675 | D:8      | Found a blossoming altar of Fedhas.
  8712 | D:8      | Noticed Psyche
  8713 | D:8      | Noticed Psyche
  8713 | D:8      | Psyche changed into Psyche the blink frog
  8731 | D:8      | Killed Psyche the blink frog
  8764 | D:7      | Reached skill level 5 in Dodging
  9073 | D:7      | Reached skill level 1 in Armour
  9330 | D:8      | Found a staircase to the Lair.
  9500 | D:8      | Noticed a two-headed ogre
  9502 | D:8      | a two-headed ogre changed into a slime creature
  9620 | D:8      | Noticed Erica
 10090 | D:4      | Killed Lanoc's ghost
 10282 | Temple   | Entered the Ecumenical Temple
 10348 | D:7      | Bought a fine buckler for 266 gold pieces
 10348 | D:7      | Bought a distressingly furry scale mail for 252 gold pieces
 10348 | D:7      | Bought a twisted leather armour for 196 gold pieces
 10348 | D:7      | Bought a jewelled scale mail for 252 gold pieces
 10358 | D:7      | Identified the +2 buckler "Malurcho" {rF- Regen+ Str-4
                  | Dex+8} (You bought it in a shop on level 7 of the Dungeon)
 10378 | D:7      | Identified the +3 scale mail of the Harp {Dex+3} (You
                  | bought it in a shop on level 7 of the Dungeon)
 10398 | D:7      | Identified the +0 leather armour "Zaobat Recess" {rC++
                  | Str+2 Dex-2} (You bought it in a shop on level 7 of the
                  | Dungeon)
 10409 | D:7      | Identified the cursed +0 scale mail of Usaq {rPois MP+9
                  | Str-4} (You bought it in a shop on level 7 of the Dungeon)
 10468 | D:8      | HP: 3/74 [something (1)]
 10471 | D:8      | Slain by Erica

Levels and vault maps discovered:
D:1:      dpeg_arrival_castle, layout_basic, minmay_lizard_king
D:2:      layout_rooms, lemuel_doored_altar, overflow_temple_1_default,
          serial_undead, serial_undead_a, serial_undead_a, serial_undead_f,
          serial_undead_d, uniq_jessica
D:3:      layout_basic, nicolae_ru_awakened_eye, serial_curves, eino_curves_04,
          eino_curves_03, grunt_ministairs_13, st_stairs_6, uniq_grinder
D:4:      layout_loops_ring, kennysheep_mini_moat, vehumet_statue,
          ebering_ghost_gozag, nemelex_spade_bored_becter
D:5:      layout_layer_cave, kennysheep_mini, first_ration, minmay_manual_mess
D:6:      layout_cave_pools, nicolae_overflow_hidden_temple, basic_altar,
          nicolae_ossuary_entry_false_entrances
D:7:      minmay_slanted_spiral_squares, layout_rooms,
          gammafunk_temple_overflow_claw, minmay_temple_entry_slanted,
          uniq_duvessa
D:8:      minmay_blocky_corners, layout_loops_cross, marbit_many_paths,
          grunt_gozag_statues, erik_lair_orcish_takeover, uniq_harold,
          uniq_erica, uniq_psyche
Temple:   corrupted_temple

Skill      XL: |  1  2  3  4  5  6  7  8  9 10 |
---------------+-------------------------------+-----
Unarmed Combat | 3 4 5 6 7 9 10 | 10.0
Fighting       | 4 5 |  5.0
Evocations     | 2 4 |  4.0
Shields        | 4 |  4.0
Dodging        | 3 5 |  5.1
Armour         | 4 |  4.4
Stealth        | |  1.5

Action                   |  1- 3 |  4- 6 |  7- 9 | 10-12 || total
-------------------------+-------+-------+-------+-------++-------
Melee: Unarmed           |   103 |   173 |   495 |   211 ||   982
Throw: Dart              |     1 |     1 |    41 |     1 ||    44
Invok: Potion Petition   |       |       |     1 |       ||     1
       Call Merchant     |       |       |       |     1 ||     1
Evoke: Wand              |     9 |     8 |    23 |    22 ||    62
  Use: Scroll            |     3 |       |     8 |     1 ||    12
 Stab: Sleeping          |     2 |     3 |       |       ||     5
       Distracted        |       |     1 |     1 |       ||     2
Armor: Robe              |    34 |     1 |       |       ||    35
       Ring mail         |       |    55 |   101 |       ||   156
       Plate armour      |       |       |     2 |    80 ||    82
       Scale mail        |       |       |       |     5 ||     5
Dodge: Dodged            |    76 |   100 |   161 |    43 ||   380
Block: Buckler           |    18 |    21 |    53 |    29 ||   121

Table legend:
 A = Non-vault XP
 B = Vault XP
 C = Vault XP percentage of total XP
 D = Non-vault monster count
 E = Vault monster count
 F = Vault count percentage of total count
                 A         B        C        D         E       F
            +---------+---------+-------+---------+---------+-------
      Total |    4576 |    4291 |  48.4 |     134 |      82 |  38.0
            +---------+---------+-------+---------+---------+-------
        D:1 |      17 |      11 |  39.3 |       9 |       9 |  50.0
        D:2 |      18 |     104 |  85.2 |      10 |      10 |  50.0
        D:3 |     153 |     283 |  64.9 |      15 |       5 |  25.0
        D:4 |     519 |     500 |  49.1 |      19 |       3 |  13.6
        D:5 |     788 |     483 |  38.0 |      21 |       3 |  12.5
        D:6 |     833 |       0 |   0.0 |      21 |       0 |   0.0
        D:7 |     619 |    1481 |  70.5 |      17 |      15 |  46.9
        D:8 |    1629 |     873 |  34.9 |      22 |      10 |  31.2
    Ossuary |       0 |     556 | 100.0 |       0 |      27 | 100.0
            +---------+---------+-------+---------+---------+-------
